 Dungeon Crawl Stone Soup version 0.21.1-1-g345015f (webtiles) character file.

547 Monsterracer the Insei (level 7, -3/60 HPs)
             Began as a Gnoll Chaos Knight on Apr 24, 2018.
             Killed by divine providence
             ... invoked by an orc priest
              (9 damage)
             ... on level 4 of the Dungeon.
             The game lasted 00:06:17 (5092 turns).

Monsterracer the Insei (Gnoll Chaos Knight)         Turns: 5092, Time: 00:06:18

Health: -3/60      AC:  8    Str: 14    XL:     7   Next: 28%
Magic:  10/10      EV: 13    Int: 14    God:    Xom [.....*]
Gold:   183        SH:  0    Dex: 17    Spells: 6/10 levels left

rFire    . . .     SeeInvis .     - Unarmed
rCold    . . .     Gourm    .   (no shield)
rNeg     . . .     Faith    .   a - +3 leather armour
rPois    .         Spirit   .   (no helmet)
rElec    .         Reflect  .   e - +1 cloak {MR+}
rCorr    .         Harm     .   p - +0 pair of gloves
MR       ++...     Rnd*Rage +   (no boots)
Stlth    ++........             (no amulet)
HPRegen  0.20/turn              (no ring)
MPRegen  0.12/turn              (no ring)

@: lethally poisoned (-3 -> -7)
A: distributed training, fangs 1, agile 1, berserk 1, deformed body, dopey 1,
magic resistance 1, mutation resistance 1, wild magic 1, strong nose
a: Renounce Religion


You were on level 4 of the Dungeon.
You worshipped Xom.
You were Xom's teddy bear.
You were hungry.

You visited 1 branch of the dungeon, and saw 4 of its levels.

You collected 183 gold pieces.

Inventory:

Hand Weapons
 b - a +3 whip of freezing
Missiles
 d - a throwing net (quivered)
Armour
 a - a +3 leather armour (worn)
 e - a +1 cloak of magic resistance (worn)
 p - a +0 pair of gloves (worn)
Wands
 i - a wand of polymorph (8)
Scrolls
 o - 3 scrolls of enchant weapon
Potions
 f - 4 potions of brilliance
 g - 2 potions of heal wounds
 h - a potion of curing
 j - a potion of invisibility
 k - a potion of mutation {!q}
 l - a potion of ambrosia {unknown}
 m - 2 potions of might {unknown}
 n - a potion of lignification {unknown}
 q - a potion of cancellation {unknown}
Comestibles
 c - 8 rations


   Skills:
 + Level 7.0 Fighting
 + Level 2.3 Short Blades
 + Level 2.3 Long Blades
 + Level 2.3 Axes
 + Level 2.3 Maces & Flails
 + Level 2.3 Polearms
 + Level 2.3 Staves
 + Level 2.3 Slings
 + Level 2.3 Bows
 + Level 2.3 Crossbows
 + Level 2.3 Throwing
 + Level 5.2 Armour
 + Level 3.5 Dodging
 + Level 2.3 Stealth
 + Level 2.3 Shields
 + Level 7.0 Unarmed Combat
 + Level 2.3 Spellcasting
 + Level 1.9 Conjurations
 + Level 1.9 Hexes
 + Level 1.9 Charms
 + Level 1.9 Summonings
 + Level 1.9 Necromancy
 + Level 1.9 Translocations
 + Level 1.9 Transmutations
 + Level 1.9 Fire Magic
 + Level 1.9 Ice Magic
 + Level 1.9 Air Magic
 + Level 1.9 Earth Magic
 + Level 1.9 Poison Magic
 + Level 2.6 Invocations
 + Level 2.3 Evocations


You had 6 spell levels left.
You knew the following spells:

 Your Spells              Type           Power        Failure   Level  Hunger
a - Summon Lightning Spi  Summ/Air       #.......     83%         4    #####..


Dungeon Overview and Level Annotations

Branches:
Dungeon (4/15)
 Temple: D:4-7

Altars:


Innate Abilities, Weirdness & Mutations

Your experience applies equally to all skills.
You have very sharp teeth.
Your uncanny sense of smell can sniff out nearby items.
You are agile. (Dex +2)
You tend to lose your temper in combat.
Armour fits poorly on your strangely shaped body.
You are dopey. (Int -2)
You are resistant to hostile enchantments. (MR+)
You are somewhat resistant to further mutation.
Your spells are a little harder to cast, but a little more powerful.


Message History

You kill the kobold!
The kobold hits you but does no damage.
Items here: ! ) ? † a spear; 2 potions of brilliance; a scroll labeled TEMOVV ZUJAFO a kobold corpse You barely miss the kobold.
The kobold barely misses you.
You punch the kobold!
You kill the kobold!
f - 4 potions of brilliance (gained 2);
i - a scroll labeled TEMOVV ZUJAFO
Things that are here:
a spear; a kobold corpse
q - a sedimented silvery potion
Things that are here:
a halberd; a scale mail
As you read the scroll labeled TEMOVV ZUJAFO, it crumbles to dust.
You feel blessed for a moment.
It was a scroll of remove curse.
Okay, then.
You are feeling hungry.
You regained 7 hp, and now have 42/60 hp.
HP restored.
Things that are here:
a spear; a kobold corpse Key pressed, stopping explore.
An orc comes into view. It is wielding a war axe of distortion.
Health restored: 60 You aren't carrying any items that you can evoke.
Okay, then.
Found a glass wand.
Found 3 gold pieces.
There is an open door here.
You punch the orc!
You kill the orc!
Things that are here:
a war axe of distortion; a leather armour
Okay, then.
i - a wand of polymorph (8) "This place needs a little more atmosphere."
You now have 183 gold pieces (gained 3).
There is an open door here.
An orc comes into view. It is wielding a war axe.
An orc is nearby!
An orc comes into view. It is wielding a whip.
The orc shouts!
You hear a shout!
An orc wizard comes into view.
It is wielding a dagger of venom. 2 orc priests come into view.
You hit the orc.
The orc is heavily wounded.
You punch the orc!
You kill the orc!
The orc wizard hits you but does no damage.
You are poisoned.
You closely miss the orc wizard.
You feel sick.
The orc wizard hits you with a dagger of venom.
You are more poisoned.
The orc hits you but does no damage.
You take 2 damage, and have 58/60 hp.
You hit the orc wizard but do no damage.
You feel sick.
The orc priest looks satisfied for a moment.
The orc wizard hits you but does no damage.
You punch the orc wizard!
The orc wizard is heavily wounded.
You feel sick. The orc misses you. The orc wizard misses you.
You take 1 damage, and have 57/60 hp.
You feel sick. The orc hits you with a war axe!
The orc wizard gestures at you while chanting.
The magic dart hits you!
You take 18 damage, and have 39/60 hp.
MASSIVE DAMAGE!!
You feel sick.
The orc wizard gestures at you while chanting.
The puff of frost misses you.
You take 1 damage, and have 38/60 hp.
You feel sick.
You take 1 damage, and have 37/60 hp.
The orc priest calls down the wrath of Beogh upon you.
Beogh smites you!
* * * LOW HITPOINT WARNING * * *
You take 13 damage, and have 24/60 hp.
MASSIVE DAMAGE!!
You feel sick.
The orc priest calls down the wrath of Beogh upon you.
Beogh smites you!
* * * LOW HITPOINT WARNING * * *
The orc priest calls upon Beogh to heal the orc wizard.
The orc wizard is healed somewhat.
You take 9 damage, and have 15/60 hp.
You feel sick.
The orc priest invokes the aid of Beogh against you.
Beogh smites you!
* * * LOW HITPOINT WARNING * * *
There is an open door here.
You take 9 damage, and have 6/60 hp. "Let me alter your pitiful body."
Your body is suffused with distortional energy.
You feel agile.
You feel genetically stable.
You feel less in control of your magic.
You feel resistant to hostile enchantments.
The orc priest calls down the wrath of Beogh upon you.
Beogh smites you!
You die...
Xom giggles madly!

## ### ∆# .### ### ####.##
###.# ##.# #.###.....##
##... ##.###.##.......##
##..#
#...##.#.........####o..## #
.......').......@§§§§§.$.#.#
#...##.#.........####o§o...#
##.###.##.......## ##.o.###
.......###.....## ##..#
##.##### ##...## ..# #.#
##+## .... #.# #.### #.# .#
#.# .#


You could see 2 orc priests and an orc.

Vanquished Creatures
  A black bear (D:4)
  4 orc wizards
  3 orc priests
  Crazy Yiuf (D:3)
  A worker ant (D:4)
  3 gnolls (D:4)
  3 adders
  A shadow imp (D:2)
  2 worms (D:3)
  A leopard gecko (D:1)
  27 orcs
  3 bats
  6 giant cockroaches
  7 goblins
  10 hobgoblins
  3 jackals (D:1)
  15 kobolds
  3 quokkas
  2 ball pythons (D:1)
  7 frilled lizards
  8 rats
111 creatures vanquished.

Vanquished Creatures (others)
  9 toadstools (D:4)
9 creatures vanquished.

Grand Total: 120 creatures vanquished

Notes
Turn   | Place    | Note
-------+----------+-------------------------------------------
     0 | D:1      | Monsterracer the Gnoll Chaos Knight began the quest for the Orb.
     0 | D:1      | Reached XP level 1. HP: 23/23 MP: 1/1
    76 | D:1      | Reached XP level 2. HP: 26/29 MP: 2/2
   232 | D:1      | XOM: harmless Erth miscast
   383 | D:1      | Reached XP level 3. HP: 35/35 MP: 3/3
   937 | D:1      | XOM: noise
  1051 | D:2      | XOM: cloud trail
  1156 | D:2      | Reached skill level 1 in Invocations
  1179 | D:2      | XOM: give mutation
  1179 | D:2      | Gained mutation: Armour fits poorly on your strangely shaped body. [Xom's mischief]
  1526 | D:2      | XOM: harmless Erth miscast
  1627 | D:2      | Reached skill level 1 in Short Blades
  1627 | D:2      | Reached skill level 1 in Long Blades
  1627 | D:2      | Reached skill level 1 in Axes
  1627 | D:2      | Reached skill level 1 in Maces & Flails
  1627 | D:2      | Reached skill level 1 in Polearms
  1627 | D:2      | Reached skill level 1 in Staves
  1627 | D:2      | Reached skill level 1 in Slings
  1627 | D:2      | Reached skill level 1 in Bows
  1627 | D:2      | Reached skill level 1 in Crossbows
  1627 | D:2      | Reached skill level 1 in Throwing
  1627 | D:2      | Reached skill level 1 in Stealth
  1627 | D:2      | Reached skill level 1 in Shields
  1627 | D:2      | Reached skill level 1 in Spellcasting
  1627 | D:2      | Reached skill level 1 in Evocations
  1627 | D:2      | Reached XP level 4. HP: 39/41 MP: 5/5
  1776 | D:3      | HP: 20/41 [orc priest/divine providence (15)]
  2172 | D:2      | XOM: harmless Air miscast
  2189 | D:2      | Reached skill level 1 in Conjurations
  2189 | D:2      | Reached skill level 1 in Hexes
  2189 | D:2      | Reached skill level 1 in Charms
  2189 | D:2      | Reached skill level 1 in Summonings
  2189 | D:2      | Reached skill level 1 in Necromancy
  2189 | D:2      | Reached skill level 1 in Translocations
  2189 | D:2      | Reached skill level 1 in Transmutations
  2189 | D:2      | Reached skill level 1 in Fire Magic
  2189 | D:2      | Reached skill level 1 in Ice Magic
  2189 | D:2      | Reached skill level 1 in Air Magic
  2189 | D:2      | Reached skill level 1 in Earth Magic
  2189 | D:2      | Reached skill level 1 in Poison Magic
  2189 | D:2      | Reached XP level 5. HP: 42/47 MP: 6/6
  2381 | D:3      | XOM: potion effect (curing)
  2392 | D:2      | HP: 19/47 [orc/hand axe (6)]
  2424 | D:2      | XOM: harmless Tmut miscast
  2944 | D:3      | XOM: smoke on damage
  2999 | D:3      | XOM is BORED!
  2999 | D:3      | XOM: harmless Chrm miscast
  3012 | D:3      | XOM: harmless Tloc miscast
  3104 | D:3      | XOM is BORED!
  3128 | D:3      | HP: 23/47 [orc priest/divine providence (16)]
  3129 | D:3      | Reached XP level 6. HP: 26/53 MP: 8/8
  3137 | D:3      | HP: 20/53 [adder (1)]
  3144 | D:3      | HP: 20/53 [orc/club (1)]
  3152 | D:3      | HP: 19/53 [orc/dagger (2)]
  3321 | D:3      | XOM: medium Erth miscast
  3545 | D:3      | Found a runed door.
  3766 | D:3      | Noticed Crazy Yiuf
  3772 | D:3      | Killed Crazy Yiuf
  3893 | D:4      | XOM: stealth player
  3941 | D:4      | Reached skill level 5 in Armour
  3954 | D:4      | HP: 24/53 [orc priest/divine providence (16)]
  4037 | D:4      | HP: 23/53 [orc/mace (10)]
  4043 | D:4      | HP: 20/53 [orc/mace (1)]
  4129 | D:4      | XOM: give mutation
  4129 | D:4      | Gained mutation: You are dopey. (Int -2) [Xom's mischief]
  4246 | D:4      | Learned a level 4 spell: Summon Lightning Spire
  4352 | D:4      | Noticed a black bear
  4352 | D:4      | an ogre changed into a black bear
  4352 | D:4      | XOM: polymorph ogre -> black bear
  4360 | D:4      | HP: 26/53 [black bear (2)]
  4361 | D:4      | Killed a black bear
  4361 | D:4      | Reached XP level 7. HP: 28/59 MP: 10/10
  4417 | D:4      | XOM: medium Necr miscast
  4417 | D:4      | HP: 12/59 [something (27)]
  4678 | D:4      | XOM: swap monsters
  4742 | D:4      | XOM: summons 3 hostile demons
  4775 | D:4      | XOM: give mutation
  4775 | D:4      | Gained mutation: You tend to lose your temper in combat. [Xom's mischief]
  5071 | D:4      | XOM: cloud trail
  5089 | D:4      | HP: 24/60 [orc priest/divine providence (14)]
  5091 | D:4      | HP: 6/60 [orc priest/divine providence (8)]
  5092 | D:4      | XOM: give mutations
  5092 | D:4      | Gained mutation: You are agile. (Dex +2) [Xom's grace]
  5092 | D:4      | Gained mutation: You are somewhat resistant to further mutation. [Xom's grace]
  5092 | D:4      | Gained mutation: Your spells are a little harder to cast, but a little more powerful. [Xom's grace]
  5092 | D:4      | Gained mutation: You are resistant to hostile enchantments. (MR+) [Xom's grace]
  5092 | D:4      | Killed from afar by an orc priest

Skill      XL: |  1  2  3  4  5  6  7 |
---------------+----------------------+-----
Invocations    | 1 2 |  2.6
Short Blades   | 1 2 |  2.3
Long Blades    | 1 2 |  2.3
Axes           | 1 2 |  2.3
Maces & Flails | 1 2 |  2.3
Polearms       | 1 2 |  2.3
Staves         | 1 2 |  2.3
Slings         | 1 2 |  2.3
Bows           | 1 2 |  2.3
Crossbows      | 1 2 |  2.3
Throwing       | 1 2 |  2.3
Stealth        | 1 2 |  2.3
Shields        | 1 2 |  2.3
Spellcasting   | 1 2 |  2.3
Evocations     | 1 2 |  2.3
Conjurations   | 1 |  1.9
Hexes          | 1 |  1.9
Charms         | 1 |  1.9
Summonings     | 1 |  1.9
Necromancy     | 1 |  1.9
Translocations | 1 |  1.9
Transmutations | 1 |  1.9
Fire Magic     | 1 |  1.9
Ice Magic      | 1 |  1.9
Air Magic      | 1 |  1.9
Earth Magic    | 1 |  1.9
Poison Magic   | 1 |  1.9
Dodging        | 3 |  3.5
Armour         | 5 |  5.2
Fighting       | 7 |  7.0
Unarmed Combat | 7 |  7.0

Action                   |  1- 3 |  4- 6 |  7- 9 || total
-------------------------+-------+-------+-------++-------
Melee: Unarmed           |   106 |   188 |    44 ||   338
       Bite              |    13 |    20 |     6 ||    39
       Punch             |     4 |     9 |       ||    13
       Whip              |       |    17 |       ||    17
  Use: Scroll            |       |    11 |     1 ||    12
 Stab: Sleeping          |     5 |     2 |       ||     7
  Eat: Chunk             |     2 |     6 |     1 ||     9
       Ration            |       |     1 |       ||     1
Armor: Leather armour    |    20 |    47 |    21 ||    88
Dodge: Dodged            |    51 |   141 |    36 ||   228

Vault maps used:
D:1:      lightli_molten_gateway, hangedman_decor_clover_reticule,
          minmay_misc_feat_x, minmay_misc_feat_diagonals
D:2:      first_ration, minmay_ruptured
D:3:      minmay_misc_feat_four_crosses, uniq_crazy_yiuf_cottage
D:4:      cheibrodos_fertilizer, minitemple
